 Dungeon Crawl Stone Soup version 0.31-a0-726-g3c93526463 (webtiles) character file.

Game seed: 14223182449153755353

282 BritishOli the Trooper (level 6, -7/48 HPs)
             Began as a Demonspawn Fighter on Sept 11, 2023.
             Killed by divine providence
             ... invoked by an orc priest
              (9 damage)
             ... on level 4 of the Dungeon.
             The game lasted 00:02:34 (2257 turns).

BritishOli the Trooper (Demonspawn Fighter)         Turns: 2257, Time: 00:02:35

Health: -7/48      AC: 12    Str: 19    XL:     6   Next: 6%
Magic:  6/6        EV:  9    Int:  9    God:
Gold:   224        SH:  9    Dex: 14    Spells: 5/5 levels left

rFire   . . .        a - +0 war axe
rCold   . . .        c - +0 buckler
rNeg    + . .        b - +0 scale mail
rPois   .            (no helmet)
rElec   .            (no cloak)
rCorr   .            (no gloves)
SInv    .            r - +0 pair of boots
Will    .....        (no amulet)
Stlth   +            u - ring of positive energy
HPRegen 0.28/turn    (no ring)
MPRegen 0.10/turn

%: no passive effects
@: no status effects
A: hooves 1, thin skeletal structure 1, icemail 1, condensation shield
a: no special abilities


You were on level 4 of the Dungeon.
You visited 1 branch of the dungeon, and saw 4 of its levels.

You collected 224 gold pieces.

Inventory:

Hand Weapons
 a - a +0 war axe (weapon)
Missiles
 g - 3 throwing nets
 h - 5 javelins
Armour
 b - a +0 scale mail (worn)
 c - a +0 buckler (worn)
 r - a +0 pair of boots (worn)
Jewellery
 u - a ring of positive energy (left hand)
Wands
 x - a wand of iceblast (8)
Scrolls
 f - a scroll of immolation {unknown}
 k - 2 scrolls of enchant armour {unknown}
 l - 3 scrolls of identify {unknown}
 n - a scroll of poison {unknown}
 o - 2 scrolls of fear {unknown}
 p - a scroll of amnesia {unknown}
 q - 2 scrolls of blinking {unknown}
 s - a scroll of noise {unknown}
 t - a scroll of fog {unknown}
 v - a scroll of revelation {unknown}
Potions
 d - a potion of might
 e - 2 potions of enlightenment {unknown}
 i - 2 potions of haste {unknown}
 j - a potion of berserk rage {unknown}
 m - a potion of magic {unknown}
 w - a potion of curing {unknown}


   Skills:
 + Level 4.2 Fighting
 + Level 3.1 Axes
 + Level 3.9 Armour
 + Level 3.8 Shields


You had 5 spell levels left.
You didn't know any spells.
Your spell library contained the following spells:

 Spells                   Type           Power      Damage    Failure   Level
 Magic Dart               Conj           0%         1d3       83%         1
 Call Imp                 Summ           0%         N/A       92%         2
 Ensorcelled Hibernation  Hex/Ice        0%         N/A       92%         2
 Passwall                 Tmut/Erth      0%         N/A       92%         2
 Gell's Gravitas          Tloc           0%         N/A       99%         3
 Mephitic Cloud           Conj/Pois/Air  0%         N/A       99%         3
 Swiftness                Air            0%         N/A       99%         3
 Teleport Other           Tloc           0%         N/A       99%         3
 Olgreb's Toxic Radiance  Pois           0%         N/A       100%        4
 Dispersal                Tloc           0%         N/A       100%        6
 Discord                  Hex            0%         N/A       100%        8
 Ignition                 Fire           0%         3d3       100%        8


Dungeon Overview and Level Annotations

Branches:
Dungeon (4/15)
 Temple: D:4-7

Altars:

Shops:
D:3 *((

Annotations:
D:3 Grinder


Innate Abilities, Weirdness & Mutations

You have large cloven feet.
You have a somewhat thin skeletal structure. (Dex +2, Stealth+)
A meltable icy envelope protects you from harm. (AC +4)
A meltable shield of frost defends you. (SH +4)


Message History

You barely miss the orc priest.
The orc priest is moderately wounded.
You slash the orc!
You kill the orc!
You closely miss the orc. You hit the orc but do no damage.
The orc priest hits you but does no damage.
The orc hits you but does no damage. x2; You block the orc's attack.
The orc hits you with a +0 dagger.
You are too injured to fight recklessly!
Unknown command.
You are too injured to fight recklessly!
Unknown command.
You are too injured to fight recklessly!
Unknown command.
The orc attacks as it pursues you! The orc hits you but does no damage.
There is an open door here.
You slash the orc!
You kill the orc!
The orc priest looks satisfied for a moment.
Your Axes skill increases to level 3!
You slash the phantom!
The phantom is heavily damaged.
You block the phantom's attack. x2
You slash the phantom!
The phantom is almost destroyed.
The phantom hits you.
The orc priest invokes the aid of Beogh against you.
Beogh smites you!
* * * LOW HITPOINT WARNING * * *
You slash the phantom!
You destroy the phantom!
You have reached level 6!
Your demonic ancestry asserts itself...
Your bones become slightly less dense.
You hit the orc.
The orc is heavily wounded.
You block the orc's attack.
The orc priest calls down the wrath of Beogh upon you.
Beogh smites you!
You die...

.....#...##......#
....##...#########
....##...##......#
.....#...........#
.....#...........#
.....#.....†.....#
.....#...........#
.....#...........#
.....#..........@#
#...############o##
###+# #....o.#
#.....)# #......#
#......# #......#
###+### .'......#
....... ..#......#


You could see an orc priest and an orc.

Vanquished Creatures
  A phantom (D:4)
  A scorpion (D:4)
  A hound (D:4)
  An iguana (D:4)
  2 adders (D:2)
  A worm (D:2)
  A dart slug (D:3)
  3 orcs
  8 bats
  8 endoplasms
  4 goblins
  9 hobgoblins
  5 jackals
  5 kobolds
  3 quokkas
  7 ball pythons
  2 frilled lizards
  3 rats
65 creatures vanquished.

Notes
Turn   | Place    | Note
-------+----------+-------------------------------------------
     0 | D:1      | BritishOli the Demonspawn Fighter began the quest for the
                  | Orb.
     0 | D:1      | Reached XP level 1. HP: 18/18 MP: 1/1
    78 | D:1      | Gained mutation: A meltable shield of frost defends you.
                  | (SH +4) [demonic ancestry]
    78 | D:1      | Reached XP level 2. HP: 24/24 MP: 2/2
   435 | D:1      | Gained mutation: A meltable icy envelope protects you from
                  | harm. (AC +4) [demonic ancestry]
   435 | D:1      | Reached XP level 3. HP: 27/29 MP: 3/3
  1198 | D:3      | Gained mutation: You have large cloven feet. [demonic
                  | ancestry]
  1198 | D:3      | Reached XP level 4. HP: 35/35 MP: 4/4
  1297 | D:3      | Found Wazygoog's Antique Weapon Shoppe.
  1394 | D:3      | Found Xecw's Assorted Antiques.
  1612 | D:3      | Found Danoi's Weapon Shop.
  1716 | D:3      | Noticed Grinder
  1721 | D:3      | Paralysed by Grinder for 5 turns
  2074 | D:4      | Reached XP level 5. HP: 41/42 MP: 5/5
  2179 | D:4      | Reached skill level 4 in Fighting
  2243 | D:4      | Noticed a phantom
  2255 | D:4      | HP: 1/42 [orc priest/divine providence (15)]
  2256 | D:4      | Killed a phantom
  2257 | D:4      | Gained mutation: You have a somewhat thin skeletal
                  | structure. (Dex +2, Stealth+) [demonic ancestry]
  2257 | D:4      | Reached XP level 6. HP: 2/48 MP: 6/6
  2257 | D:4      | Killed from afar by an orc priest

Illustrated notes

Levels and vault maps discovered:
D:1:      amcnicky_arrival_choice, layout_rooms
D:2:      layout_basic
D:3:      layout_basic, serial_shops, shop, shop_fountains,
          nicolae_shop_back_alley_shop, nicolae_shop_hallway_plus,
          kennysheep_generic_room_2, uniq_grinder
D:4:      layout_gridville

Skill      XL: |  1  2  3  4  5 |
---------------+----------------+-----
Axes           | 2 3 |  3.1
Armour         | 3 |  3.9
Shields        | 3 |  3.8
Fighting       | 4 |  4.2

Action                     |  1- 3 |  4- 6 || total
---------------------------+-------+-------++-------
  Melee: War axe           |    91 |    89 ||   180
 Armour: Scale mail        |    59 |    71 ||   130
  Dodge: Dodged            |    47 |    41 ||    88
  Block: Buckler           |    45 |    49 ||    94

Table legend: (Time is in decaauts)
 A = Elapsed time spent in this place.
 B = Non-inter-level travel time spent in this place.
 C = Inter-level travel time spent in this place.
 D = Time resting spent in this place.
 E = Time spent auto-exploring this place.
 F = Levels seen in this place.
 G = Mean time per level.
                   A        B        C        D        E       F      G
               +--------+--------+--------+--------+--------+-----+--------+
         Total |   2331 |   2207 |    124 |     99 |   1613 |   4 |  582.8 |
       Dungeon |   2331 |   2207 |    124 |     99 |   1613 |   4 |  582.8 |
               +--------+--------+--------+--------+--------+-----+--------+

Top non-repeatable levels by time:
     D:2: 761 daAuts
     D:3: 652 daAuts
     D:1: 534 daAuts
     D:4: 383 daAuts
